 Dungeon Crawl Stone Soup version 0.29.1-15-g9cfb28693d (webtiles) character file.

Game seed: 2088200212322536363

6 PredatorCatcher the Shooter (level 1, 5/17 HPs)
             Began as a Draconian Hunter on Apr 11, 2023.
             Quit the game on level 2 of the Dungeon.
             The game lasted 00:00:47 (76 turns).

PredatorCatcher the Shooter (Draconian Hunter)        Turns: 76, Time: 00:00:47

Health: 5/17       AC:  4    Str: 13    XL:     1   Next: 75%
Magic:  1/1        EV: 12    Int:  9    God:
Gold:   5          SH:  0    Dex: 14    Spells: 0/0 levels left

rFire   . . .      SeeInvis .   a - +0 shortbow
rCold   . . .      Faith    .   (shield currently unavailable)
rNeg    . . .      Spirit   .   (body armour unavailable)
rPois   .          Reflect  .   (helmet restricted)
rElec   .          Harm     .   (no cloak)
rCorr   .          Rampage  .   (no gloves)
Will    .....                   (no boots)
Stlth   ++........              (no amulet)
HPRegen 0.05/turn               (no ring)
MPRegen 0.07/turn               (no ring)

@: quite poisoned (5 -> 2)
A: AC +4, unfitting armour, cold-blooded
a: no special abilities


You were on level 2 of the Dungeon.
You visited 1 branch of the dungeon, and saw 2 of its levels.

You collected 5 gold pieces.

Inventory:

Hand Weapons
 a - a +0 shortbow (weapon)
Scrolls
 b - a scroll of immolation


   Skills:
 * Level 2.2 Fighting
 * Level 3.8 Ranged Weapons
 * Level 1.8 Dodging
 * Level 1.1 Stealth
 * Level 0.1 Spellcasting


You couldn't memorise any spells.
You didn't know any spells.
Your spell library contained the following spells:

 Spells                   Type           Power      Damage    Failure   Level
 Airstrike                Air            0%         2d(0-16)  99%         4
 Summon Lightning Spire   Summ/Air       0%         N/A       99%         4
 Lightning Bolt           Conj/Air       0%         1d11      100%        5


Dungeon Overview and Level Annotations

Branches:
Dungeon (2/15)

Altars:


Innate Abilities, Weirdness & Mutations

Your plain brown scales are hard. (AC +4)
You cannot fit into any form of body armour.
You are cold-blooded and may be slowed by cold attacks.


Message History

Found a crooked runed staff and 6 poisoned darts.
There is a stone staircase leading up here.
Fire: a) +0 shortbow
Press: ? - help, Q - select action Shift-Dir - straight line, f - quokka
Aim: a quokka (severely wounded, 50% to hit)
You shoot an arrow. The arrow hits the quokka.
You kill the quokka!
An adder comes into view.
Fire: a) +0 shortbow
Press: ? - help, Q - select action Shift-Dir - straight line, f - jackal
Aim: a jackal (53% to hit)
You shoot an arrow. The arrow hits the jackal.
The jackal is heavily wounded.
The jackal bites you but does no damage. x3
The jackal bites you.
Fire: a) +0 shortbow
Press: ? - help, Q - select action Shift-Dir - straight line, f/p - jackal
Aim: a jackal (heavily wounded, 53% to hit)
You shoot an arrow.
The arrow hits the jackal but does no damage.
The jackal is heavily wounded.
You hear an angry hiss.
The jackal bites you but does no damage.
The adder completely misses you.
Fire: a) +0 shortbow
Press: ? - help, Q - select action Shift-Dir - straight line, f/p - jackal
Aim: a jackal (heavily wounded, 53% to hit)
You shoot an arrow. The arrow hits the jackal.
You kill the jackal!
A rat comes into view.
The jackal bites you. The adder bites you.
You are poisoned.
The adder poisons you! The jackal closely misses you.
The jackal bites you but does no damage.
The rat moves out of view.
It was a potion of magic.
Magic courses through your body.
You feel sick. The adder misses you. The jackal closely misses you.
The jackal bites you but does no damage.
The adder bites you but does no damage.
Are you sure you want to abandon this character and quit the game? (Confirm with "yes".)

.....
... #
... ..
... ..#
#.#
...#
#.#
.|...
#S#...#
#@h...#
#h#...#
...
.....
.....
....
###...#
...
###.#
.. .# .
(.


You could see an adder and 2 jackals.

Vanquished Creatures
  A ball python (D:1)
  A hobgoblin (D:1)
  A jackal (D:2)
  A quokka (D:2)
  A frilled lizard (D:1)
5 creatures vanquished.

Notes
Turn   | Place    | Note
-------+----------+-------------------------------------------
     0 | D:1      | PredatorCatcher the Draconian Hunter began the quest for
                  | the Orb.
     0 | D:1      | Reached XP level 1. HP: 17/17 MP: 1/1
    24 | D:1      | Reached skill level 1 in Stealth
    76 | D:2      | Quit the game

Illustrated notes

Levels and vault maps discovered:
D:1:      minmay_arrival_three_doors, layout_loops_cross, minmay_three_crescents
D:2:      layout_basic, chequers_ecumenical_altar_grove, hex_large,
          grunt_ministairs_7, hangedman_abyss_or_decor_stabs,
          chequers_serial_rivers_micro_c, kennysheep_generic_room_4

Skill      XL: |  1 |
---------------+----+-----
Stealth        | 1 |  1.1
Fighting       | |  2.2
Ranged Weapons | |  3.8
Dodging        | |  1.8
Spellcasting   | |  0.1

Action                   || total
-------------------------++-------
 Fire: Shortbow          ||    11
  Use: Potion            ||     1
Armor: Skin              ||     8
Dodge: Dodged            ||    13
